| TOP OF THE 1ST |
|
Louisiana State University Tigers batting - Pitching for University of Southern California Trojans : LHP Garett Fazio
|
|
Pitching: LHP Garett Fazio
|
|
|
Batting: LHB Elijah Mallandain
|
0-0: Ball 1-0: Ball 2-0: Foul Ball, location: 2F 2-1: Called Strike 2-2: Ball 3-2: Fly out, F8 (Flyball, 8RS, EV 84.4 MPH)
|
|
Batting: RHB Winston Vasquez
|
0-0: Reached on error, E6 (Groundball, 6MS, EV 82.5 MPH)
|
|
Batting: RHB Stewart Walker
|
0-0: Ball 1-0: Called Strike 1-1: Ball 2-1: Fly out, F8 (Flyball, 8RXD, EV 79.4 MPH)
|
|
Batting: RHB Pete Roberts
|
0-0: Ground out 4-3 (Groundball, 34, EV 79.4 MPH)
|
| Top of the 1st over - 0 runs, 0 hits, 1 error, 1 left on base; Louisiana State University 0 - University of Southern California 0 |
| BOTTOM OF THE 1ST |
|
University of Southern California Trojans batting - Pitching for Louisiana State University Tigers : RHP Larry Donahue
|
|
Pitching: RHP Larry Donahue
|
|
|
Batting: LHB Alonzo Catalan
|
0-0: Foul Ball, location: 2F 0-1: Swinging Strike 0-2: Strikes out swinging
|
|
Batting: LHB Justin Veirs
|
0-0: Called Strike 0-1: Foul Ball, location: 2F 0-2: Ball 1-2: Fly out, F4 (Popup, 34S, EV 81.9 MPH)
|
|
Batting: RHB Rick Acevedo
|
0-0: Called Strike 0-1: Ground out U3 (Groundball, 34S, EV 83.8 MPH)
|
| Bottom of the 1st over - 0 runs, 0 hits, 0 errors, 0 left on base; Louisiana State University 0 - University of Southern California 0 |
| TOP OF THE 2ND |
|
Louisiana State University Tigers batting - Pitching for University of Southern California Trojans : LHP Garett Fazio
|
|
Batting: RHB Keith Ashton
|
0-0: Called Strike 0-1: Ball 1-1: Ground out 5-3 (Groundball, 56, EV 104.4 MPH)
|
|
Batting: LHB Oscar Rivera
|
0-0: Fly out, F8 (Flyball, 78M, EV 88.1 MPH)
|
|
Batting: RHB Leo Roldan
|
0-0: Ball 1-0: Called Strike 1-1: Ball 2-1: Ball 3-1: Base on Balls
|
|
Batting: RHB D.J. Ganz
|
0-0: Ball Leo Roldan is caught stealing 2nd base 2-4
|
| Top of the 2nd over - 0 runs, 0 hits, 0 errors, 0 left on base; Louisiana State University 0 - University of Southern California 0 |
| BOTTOM OF THE 2ND |
|
University of Southern California Trojans batting - Pitching for Louisiana State University Tigers : RHP Larry Donahue
|
|
Batting: LHB John Rumbolt
|
0-0: Ground out 6-3 (Groundball, 6, EV 81.2 MPH)
|
|
Batting: SHB Jason Keys
|
0-0: Called Strike 0-1: Ball 1-1: Foul Ball, location: 2F 1-2: Ball 2-2: Ball 3-2: Base on Balls
|
|
Batting: RHB John Sandberg
|
0-0: Grounds into double play, 4-6-3 (Groundball, 4M, EV 85.0 MPH)
|
| Bottom of the 2nd over - 0 runs, 0 hits, 0 errors, 0 left on base; Louisiana State University 0 - University of Southern California 0 |
| TOP OF THE 3RD |
|
Louisiana State University Tigers batting - Pitching for University of Southern California Trojans : LHP Garett Fazio
|
|
Batting: RHB D.J. Ganz
|
0-0: Called Strike 0-1: Called Strike 0-2: Ball 1-2: Strikes out swinging
|
|
Batting: SHB Paul Blaylock
|
0-0: Called Strike 0-1: Called Strike 0-2: Ball 1-2: Ball 2-2: Strikes out swinging
|
|
Batting: LHB Elijah Mallandain
|
0-0: Called Strike 0-1: Ball 1-1: Ball 2-1: Ball 3-1: Foul Ball, location: 2F 3-2: Foul Ball, location: 2F 3-2: Fly out, F7 (Line Drive, 7, EV 91.9 MPH)
|
| Top of the 3rd over - 0 runs, 0 hits, 0 errors, 0 left on base; Louisiana State University 0 - University of Southern California 0 |
| BOTTOM OF THE 3RD |
|
University of Southern California Trojans batting - Pitching for Louisiana State University Tigers : RHP Larry Donahue
|
|
Batting: RHB Liangde Zhou
|
0-0: Ball 1-0: Ground out 5-3 (Groundball, 56S, EV 86.9 MPH)
|
|
Batting: RHB Jeremy McAbee
|
0-0: Fly out, F7 (Flyball, 78M, EV 85.6 MPH)
|
|
Batting: RHB Bobby Basoco
|
0-0: Ball 1-0: Swinging Strike 1-1: Ball 2-1: Ground out 2-3 (Groundball, 15S, EV 68.8 MPH)
|
| Bottom of the 3rd over - 0 runs, 0 hits, 0 errors, 0 left on base; Louisiana State University 0 - University of Southern California 0 |
| TOP OF THE 4TH |
|
Louisiana State University Tigers batting - Pitching for University of Southern California Trojans : LHP Garett Fazio
|
|
Batting: RHB Winston Vasquez
|
0-0: Ball 1-0: Ball 2-0: Called Strike 2-1: Swinging Strike 2-2: Foul Ball, location: 2F 2-2: Strikes out swinging
|
|
Batting: RHB Stewart Walker
|
0-0: Ball 1-0: Ball 2-0: Swinging Strike 2-1: Ball 3-1: Base on Balls
|
|
Batting: RHB Pete Roberts
|
0-0: Ball Stewart Walker is caught stealing 2nd base 2-4 1-0: Ball 2-0: Ball 3-0: Base on Balls
|
|
Batting: RHB Keith Ashton
|
0-0: Ball 1-0: Called Strike 1-1: Ball 2-1: DOUBLE (Line Drive, 89M, EV 104.4 MPH) Pete Roberts to third Runner from 3rd tries for Home, SAFE, no throw by RF
|
|
Batting: LHB Oscar Rivera
|
0-0: Ball 1-0: Ball 2-0: Foul Ball, location: 2F 2-1: Swinging Strike 2-2: Ball 3-2: Strikes out looking
|
| Top of the 4th over - 1 run, 1 hit, 0 errors, 1 left on base; Louisiana State University 1 - University of Southern California 0 |
| BOTTOM OF THE 4TH |
|
University of Southern California Trojans batting - Pitching for Louisiana State University Tigers : RHP Larry Donahue
|
|
Batting: LHB Alonzo Catalan
|
0-0: Ball 1-0: Ball 2-0: Ball 3-0: Base on Balls
|
|
Batting: LHB Justin Veirs
|
0-0: Called Strike 0-1: Foul Ball, location: 2F 0-2: Ball 1-2: Foul Ball, location: 2F 1-2: Strikes out swinging
|
|
Batting: RHB Rick Acevedo
|
Pickoff Throw to First - Error! E1 Alonzo Catalan to second 0-0: Ball Alonzo Catalan is caught stealing 3rd base 2-5 1-0: Foul Ball, location: 2F 1-1: Ball 2-1: Ball 3-1: DOUBLE (Line Drive, 9LM, EV 105.6 MPH)
|
|
Batting: LHB John Rumbolt
|
0-0: Ball 1-0: Ball 2-0: Foul Ball, location: 2F 2-1: Fly out, F7 (Flyball, 7, EV 84.4 MPH)
|
| Bottom of the 4th over - 0 runs, 1 hit, 1 error, 1 left on base; Louisiana State University 1 - University of Southern California 0 |
| TOP OF THE 5TH |
|
Louisiana State University Tigers batting - Pitching for University of Southern California Trojans : LHP Garett Fazio
|
|
Batting: RHB Leo Roldan
|
0-0: Swinging Strike 0-1: Ball 1-1: Called Strike 1-2: Strikes out swinging
|
|
Batting: RHB D.J. Ganz
|
0-0: Ball 1-0: Fly out, F8 (Flyball, 8RM, EV 86.9 MPH)
|
|
Batting: SHB Paul Blaylock
|
0-0: Called Strike 0-1: Foul Ball, location: 2F 0-2: Ball 1-2: Foul Ball, location: 2F 1-2: Strikes out swinging
|
| Top of the 5th over - 0 runs, 0 hits, 0 errors, 0 left on base; Louisiana State University 1 - University of Southern California 0 |
| BOTTOM OF THE 5TH |
|
University of Southern California Trojans batting - Pitching for Louisiana State University Tigers : RHP Larry Donahue
|
|
Batting: SHB Jason Keys
|
0-0: Called Strike 0-1: Ball 1-1: Foul Ball, location: 2F 1-2: Ball 2-2: Ball 3-2: Fly out, F8 (Flyball, 8RS, EV 90.0 MPH)
|
|
Batting: RHB John Sandberg
|
0-0: Ball 1-0: Ball 2-0: Ground out U3 (Groundball, 34, EV 103.1 MPH)
|
|
Batting: RHB Liangde Zhou
|
0-0: Swinging Strike 0-1: Swinging Strike 0-2: Strikes out swinging
|
| Bottom of the 5th over - 0 runs, 0 hits, 0 errors, 0 left on base; Louisiana State University 1 - University of Southern California 0 |
| TOP OF THE 6TH |
|
Louisiana State University Tigers batting - Pitching for University of Southern California Trojans : LHP Garett Fazio
|
|
Pitching: RHP Lorenzo Garcia
|
|
|
Batting: LHB Elijah Mallandain
|
0-0: Foul Ball, location: 2F 0-1: Foul Ball, location: 2F 0-2: Ball 1-2: Ball 2-2: Foul Ball, location: 2F 2-2: Ground out 6-3 (Groundball, 6, EV 88.1 MPH)
|
|
Batting: RHB Winston Vasquez
|
0-0: Called Strike 0-1: Ball 1-1: Ball 2-1: Ball 3-1: Base on Balls
|
|
Batting: RHB Stewart Walker
|
0-0: Foul Ball, location: 2F 0-1: Called Strike 0-2: Ball 1-2: Strikes out swinging
|
|
Batting: RHB Pete Roberts
|
0-0: Ball 1-0: Ball 2-0: Ball 3-0: Base on Balls Winston Vasquez to second
|
|
Batting: RHB Keith Ashton
|
0-0: Ball 1-0: Fielders Choice at 2nd, 5-4 (Groundball, 5L, EV 79.4 MPH)
|
| Top of the 6th over - 0 runs, 0 hits, 0 errors, 2 left on base; Louisiana State University 1 - University of Southern California 0 |
| BOTTOM OF THE 6TH |
|
University of Southern California Trojans batting - Pitching for Louisiana State University Tigers : RHP Larry Donahue
|
|
Batting: RHB Jeremy McAbee
|
0-0: Ball 1-0: Swinging Strike 1-1: Swinging Strike 1-2: Ball 2-2: Strikes out looking
|
|
Batting: RHB Bobby Basoco
|
0-0: Ground out 5-3 (Groundball, 5, EV 111.2 MPH)
|
|
Batting: LHB Alonzo Catalan
|
0-0: Ball 1-0: Called Strike 1-1: Hit by Pitch
|
|
Batting: LHB Justin Veirs
|
0-0: Ball Alonzo Catalan steals 2nd base 1-0: Called Strike 1-1: Ball 2-1: Called Strike 2-2: Foul Ball, location: 2F 2-2: Ball 3-2: Base on Balls
|
|
Batting: RHB Rick Acevedo
|
0-0: Fly out, F7 (Flyball, 7S, EV 96.2 MPH)
|
| Bottom of the 6th over - 0 runs, 0 hits, 0 errors, 2 left on base; Louisiana State University 1 - University of Southern California 0 |
| TOP OF THE 7TH |
|
Louisiana State University Tigers batting - Pitching for University of Southern California Trojans : RHP Lorenzo Garcia
|
|
Pitching: RHP Dave Montoya
|
|
|
Batting: LHB Oscar Rivera
|
0-0: Ball 1-0: Called Strike 1-1: Swinging Strike 1-2: Fly out, F8 (Flyball, 8RD, EV 97.5 MPH)
|
|
Batting: RHB Leo Roldan
|
0-0: Swinging Strike 0-1: DOUBLE (Line Drive, 3D, EV 98.1 MPH)
|
|
Batting: RHB D.J. Ganz
|
0-0: Intentional Walk
|
|
Batting: SHB Paul Blaylock
|
0-0: Called Strike 0-1: Swinging Strike 0-2: Strikes out swinging
|
|
Batting: LHB Elijah Mallandain
|
0-0: Fly out, F9 (Flyball, 89S, EV 87.5 MPH)
|
| Top of the 7th over - 0 runs, 1 hit, 0 errors, 2 left on base; Louisiana State University 1 - University of Southern California 0 |
| BOTTOM OF THE 7TH |
|
University of Southern California Trojans batting - Pitching for Louisiana State University Tigers : RHP Larry Donahue
|
|
Batting: LHB John Rumbolt
|
0-0: Fly out, F7 (Flyball, 7D, EV 95.6 MPH)
|
|
Batting: SHB Jason Keys
|
0-0: Ball 1-0: Ball 2-0: Ball 3-0: Called Strike 3-1: Base on Balls
|
|
Pitching: RHP Rogelio Rivera
|
|
|
Batting: RHB John Sandberg
|
0-0: Called Strike 0-1: Ball 1-1: Foul Ball, location: 2F 1-2: Foul Ball, location: 2F 1-2: Ball 2-2: Strikes out swinging
|
|
Pinch Hitting: RHB Jim Baltazar
|
0-0: Ball 1-0: Foul Ball, location: 2F 1-1: Foul Ball, location: 2F 1-2: Ball 2-2: Strikes out swinging
|
| Bottom of the 7th over - 0 runs, 0 hits, 0 errors, 1 left on base; Louisiana State University 1 - University of Southern California 0 |
| TOP OF THE 8TH |
|
Louisiana State University Tigers batting - Pitching for University of Southern California Trojans : RHP Dave Montoya
|
|
Now at 3B: Tri Kartini
|
|
|
Batting: RHB Winston Vasquez
|
0-0: Fly out, F9 (Flyball, 9, EV 90.0 MPH)
|
|
Batting: RHB Stewart Walker
|
0-0: Foul Ball, location: 2F 0-1: Ball 1-1: Swinging Strike 1-2: Ball 2-2: Ball 3-2: SINGLE (Groundball, 6MD, EV 95.0 MPH)
|
|
Batting: RHB Pete Roberts
|
0-0: Called Strike 0-1: Called Strike 0-2: Foul Ball, location: 2F 0-2: Foul Ball, location: 2F 0-2: Ball 1-2: SINGLE (Line Drive, 9S, EV 112.5 MPH) Stewart Walker to second Stewart Walker to third
|
|
Batting: RHB Keith Ashton
|
0-0: Called Strike 0-1: Ball 1-1: Ball 2-1: Ball 3-1: Called Strike 3-2: Strikes out swinging
|
|
Batting: LHB Oscar Rivera
|
0-0: Ball 1-0: SINGLE (Line Drive, 3D, EV 96.9 MPH) Stewart Walker scores Pete Roberts to second Runner from 2nd tries for 3rd, SAFE, throw by RF made to third
|
|
Batting: RHB Leo Roldan
|
0-0: Called Strike 0-1: Fly out, F5 (Popup, 6S, EV 72.5 MPH)
|
| Top of the 8th over - 1 run, 3 hits, 0 errors, 2 left on base; Louisiana State University 2 - University of Southern California 0 |
| BOTTOM OF THE 8TH |
|
University of Southern California Trojans batting - Pitching for Louisiana State University Tigers : RHP Rogelio Rivera
|
|
Batting: RHB Jeremy McAbee
|
0-0: Ground out 1-3 (Groundball, 13S, EV 70.6 MPH)
|
|
Batting: RHB Bobby Basoco
|
0-0: Called Strike 0-1: Called Strike 0-2: Ball 1-2: Strikes out swinging
|
|
Batting: LHB Alonzo Catalan
|
0-0: Foul Ball, location: 2F 0-1: Ball 1-1: Ball 2-1: SINGLE (Line Drive, 8RS, EV 101.2 MPH)
|
|
Batting: LHB Justin Veirs
|
0-0: Fly out, F8 (Flyball, 8LD, EV 90.0 MPH)
|
| Bottom of the 8th over - 0 runs, 1 hit, 0 errors, 1 left on base; Louisiana State University 2 - University of Southern California 0 |
| TOP OF THE 9TH |
|
Louisiana State University Tigers batting - Pitching for University of Southern California Trojans : RHP Dave Montoya
|
|
Pitching: RHP Tom Applebee
|
|
|
Batting: RHB D.J. Ganz
|
0-0: Swinging Strike 0-1: Foul Ball, location: 2F 0-2: Ball 1-2: Strikes out swinging
|
|
Batting: SHB Paul Blaylock
|
0-0: Foul Ball, location: 2F 0-1: Swinging Strike 0-2: Strikes out swinging
|
|
Batting: LHB Elijah Mallandain
|
0-0: Ball 1-0: Ball 2-0: Ball 3-0: Called Strike 3-1: Swinging Strike 3-2: Strikes out swinging
|
| Top of the 9th over - 0 runs, 0 hits, 0 errors, 0 left on base; Louisiana State University 2 - University of Southern California 0 |
| BOTTOM OF THE 9TH |
|
University of Southern California Trojans batting - Pitching for Louisiana State University Tigers : RHP Rogelio Rivera
|
|
Pitching: LHP Clyde Fisher
|
|
|
Now in RF: Manny Grado
|
|
|
Batting: RHB Rick Acevedo
|
0-0: Ball 1-0: Ball 2-0: Foul Ball, location: 2F 2-1: Fly out, F8 (Line Drive, 8RD, EV 85.0 MPH)
|
|
Pinch Hitting: RHB Eric Baker
|
0-0: Foul Ball, location: 2F 0-1: Ground out 1-3 (Groundball, 34S, EV 73.1 MPH)
|
|
Batting: SHB Jason Keys
|
0-0: Called Strike 0-1: Swinging Strike 0-2: Ball 1-2: Ball 2-2: Foul Ball, location: 2F 2-2: Strikes out swinging
|
| Bottom of the 9th over - 0 runs, 0 hits, 0 errors, 0 left on base; Louisiana State University 2 - University of Southern California 0 |
|